 Dungeon Crawl Stone Soup version 0.30.1-11-g7821555f0a (webtiles) character file.

Game seed: 9590646468040917695

335 Amplified the Caller (level 6, -7/47 HPs)
             Began as a Demonspawn Summoner on Nov 11, 2023.
             Mangled by Edmund
             ... wielding a +2 heavy dire flail
              (28 damage)
             ... on level 3 of the Dungeon on Nov 12, 2023.
             The game lasted 00:06:24 (3255 turns).

Amplified the Caller (Demonspawn Summoner)          Turns: 3255, Time: 00:06:25

Health: -7/47      AC:  4    Str: 10    XL:     6   Next: 28%
Magic:  7/11       EV: 14    Int: 17    God:
Gold:   307        SH:  0    Dex: 13    Spells: 5/12 levels left

rFire   . . .        f - +0 war axe
rCold   . . .        (no shield)
rNeg    . . .        a - +1 robe
rPois   .            (no helmet)
rElec   .            (no cloak)
rCorr   .            (no gloves)
SInv    .            i - +0 pair of boots
Will    .....        (no amulet)
Stlth   ++           h - ring of flight
HPRegen 0.27/turn    (no ring)
MPRegen 0.12/turn

%: no passive effects
@: flying, studying Long Blades
A: repulsion field 1, demonic guardian 1
a: no special abilities


You were on level 3 of the Dungeon.
You visited 1 branch of the dungeon, and saw 4 of its levels.

You collected 1187 gold pieces.
You spent 880 gold pieces at shops.

Inventory:

Hand Weapons
 c - a +0 whip
 f - a +0 war axe (weapon)
Missiles
 d - a throwing net
 g - 9 poisoned darts
Armour
 a - a +1 robe (worn)
 i - a +0 pair of boots (worn)
 l - a +2 helmet of intelligence
Jewellery
 h - a ring of flight (left hand)
Wands
 n - a wand of roots (8)
Scrolls
 e - a scroll of teleportation {unknown}
 j - a scroll of amnesia
 m - a scroll of butterflies
 o - a scroll of fear {unknown}
Potions
 b - 2 potions of magic
 k - a potion of curing


   Skills:
 * Level 3.3 Fighting
 * Level 1.0 Long Blades
 - Level 1.7 Dodging
 - Level 1.7 Stealth
 * Level 3.8 Spellcasting
 * Level 5.4 Summonings


You had 5 spell levels left.
You knew the following spells:

 Your Spells              Type           Power      Damage    Failure   Level
a - Summon Small Mammal   Summ           84%        N/A       1%          1
b - Call Canine Familiar  Summ           21%        N/A       5%          3
c - Summon Guardian Gole  Hex/Summ       12%        N/A       16%         3

Your spell library contained the following spells:

 Spells                   Type           Power      Damage    Failure   Level
 Call Imp                 Summ           42%        N/A       2%          2
 Sting                    Tmut/Pois      12%        1d3       16%         1
 Poisonous Vapours        Pois/Air       6%         N/A       24%         2
 Summon Lightning Spire   Summ/Air       12%        N/A       45%         4
 Olgreb's Toxic Radiance  Pois           3%         N/A       85%         4


Dungeon Overview and Level Annotations

Branches:
Dungeon (4/15)
 Temple: D:4-7

Altars:
Dithmenos
Gozag
Makhleb
Trog
Vehumet

Shops:
D:2 :

Annotations:
D:3 2 transporters, Edmund


Innate Abilities, Weirdness & Mutations

You are surrounded by a mild repulsion field. (EV +2)
A weak demonic guardian rushes to your aid.


Message History

Where to? (Enter - D:3, ? - help)
What level of the Dungeon? (default 1, ? - help)
There is a stone staircase leading down here.
You fly downwards.
Found a potion of curing.
There is a stone staircase leading up here.
There are monsters nearby!
Cast which spell? (? or * to list)
You don't know that spell.
Edmund misses you.
You fly upwards.
Level annotation: 2 transporters
There is a stone staircase leading down here.
Unknown command.
Cast which spell? (? or * to list) Unknown command.
Casting: Call Canine Familiar (dangerous; 5% risk of failure)
Confirm with . or Enter, or press ? or * to list all spells.
You don't know that spell.
Unknown command.
Unknown command.
Casting: Call Canine Familiar (dangerous; 5% risk of failure)
Confirm with . or Enter, or press ? or * to list all spells.
Your hound bites Edmund.
Edmund closely misses you.
Your hound bites Edmund.
Unknown command.
Unknown command.
You hit Edmund but do no damage.
Edmund is lightly wounded.
Your bat hits Edmund.
Your hound bites Edmund.
Edmund hits you with a +2 heavy dire flail!!
Ouch! That really hurt!
A demonic guardian appears!
Your hound bites Edmund.
Unknown command.
You barely miss Edmund.
Edmund is moderately wounded.
Your bat barely misses Edmund.
Your hound bites Edmund.
Your hound misses Edmund.
Edmund hits you with a +2 heavy dire flail!!
Ouch! That really hurt!
You die...

###.###.####........#_....#..'.##
#......###.######.##..._#.##.##
#####...#.........<##.###.#....
#######.#.#..#...##.###.###.####.
........#....#..>##.# #..#..# #.
######..###..#...##.# ##...## #÷
................(##.#####.## #.
#.####..###.............#_# #.
#.# #..#...#..h@.......### #. #.#
#.........@#5........######.
#.#####+#.###...#................
###........#b...#.......#.######.
................'.............##.
.........#......#................
........[.<...[.#....[....#######
...[............#........##...©Y.
....###...#..............#8.#...#


You could see Edmund (ally target), a friendly hound (summoned), a friendly
shadow imp (summoned) and a friendly bat (summoned).

Vanquished Creatures
  A howler monkey (D:3)
  Terence (D:3)
  Natasha (D:3)
  A gnoll (D:2)
  5 adders
  A worm (D:2)
  An orc (D:2)
  4 endoplasms
  3 giant cockroaches
  4 goblins
  5 hobgoblins
  11 jackals
  6 kobolds
  3 quokkas
  3 ball pythons
  6 bats
  5 frilled lizards
  7 rats (D:2)
68 creatures vanquished.

Vanquished Creatures (collateral kills)
  Jessica (D:2)
  Natasha (twice) (D:3)
  2 gnolls (D:2)
  2 adders
  2 hobgoblins
  A jackal (D:1)
  A ball python (D:1)
  2 bats (D:3)
  A frilled lizard (D:2)
  4 rats
18 creatures vanquished.

Grand Total: 86 creatures vanquished

Notes
Turn   | Place    | Note
-------+----------+-------------------------------------------
     0 | D:1      | Amplified the Demonspawn Summoner began the quest for the
                  | Orb.
     0 | D:1      | Reached XP level 1. HP: 13/13 MP: 3/3
   528 | D:1      | Gained mutation: A weak demonic guardian rushes to your
                  | aid. [demonic ancestry]
   528 | D:1      | Reached XP level 2. HP: 18/20 MP: 5/5
   610 | D:1      | Reached skill level 1 in Fighting
   864 | D:2      | Reached XP level 3. HP: 9/26 MP: 4/6
   871 | D:2      | HP: 1/26 [poisoned by an adder]
  1067 | D:2      | Learned a level 3 spell: Call Canine Familiar
  1071 | D:2      | Learned a level 3 spell: Summon Guardian Golem
  1298 | D:2      | Noticed Jessica
  1342 | D:3      | Noticed Terence
  1363 | D:3      | Killed Terence
  1364 | D:3      | Reached XP level 4. HP: 14/33 MP: 6/8
  1644 | D:3      | Reached XP level 5. HP: 29/39 MP: 9/9
  1792 | D:3      | Found a transporter.
  1796 | D:3      | Found a shadowy altar of Dithmenos.
  1797 | D:3      | Found a radiant altar of Vehumet.
  1798 | D:3      | Found an opulent altar of Gozag.
  1800 | D:3      | Found a transporter.
  1802 | D:3      | Noticed an ice beast
  2011 | D:3      | Noticed Natasha
  2013 | D:3      | Identified 2 scrolls of acquirement
  2014 | D:3      | Acquired a +2 helmet of intelligence
  2016 | D:3      | Acquired 1041 gold pieces
  2028 | D:3      | Killed Natasha
  2029 | D:3      | Reached skill level 5 in Summonings
  2342 | D:3      | Found a faded altar of an unknown god.
  2342 | D:3      | Found a burning altar of Makhleb.
  2349 | D:3      | Found a faded altar of an unknown god.
  2353 | D:3      | Found a bloodstained altar of Trog.
  2383 | D:3      | Noticed Natasha
  2391 | D:3      | Killed Natasha
  2445 | D:3      | Noticed Natasha
  2453 | D:3      | Killed Natasha
  2809 | D:2      | Found Eckeraog's Book Shop.
  2815 | D:2      | Gained mutation: You are surrounded by a mild repulsion
                  | field. (EV +2) [demonic ancestry]
  2815 | D:2      | Reached XP level 6. HP: 47/47 MP: 11/11
  2826 | D:2      | Bought a manual of Long Blades for 880 gold pieces
  3045 | D:2      | Killed Jessica
  3059 | D:2      | Reached skill level 1 in Long Blades
  3248 | D:4      | Noticed Edmund
  3255 | D:3      | Mangled by Edmund

Illustrated notes

Levels and vault maps discovered:
D:1:      onia_arrival_mini_spirals, layout_loops_cross, lemuel_flame_loot_1
D:2:      layout_rooms, serial_shops, nicolae_shop_stone,
          minmay_rat_gold_closets, uniq_jessica
D:3:      layout_basic, chequers_temple_overflow_minitemple,
          gammafunk_temple_overflow_arena, minmay_fractal_squares_gapless_5,
          uniq_terence, uniq_natasha
D:4:      gammafunk_steamed_eel, layout_rooms, fedhas_altar_fruit_tree,
          uniq_sigmund, uniq_edmund, uniq_grinder, uniq_menkaure

Skill      XL: |  1  2  3  4  5  6 |
---------------+-------------------+-----
Fighting       | 1 2 3 |  3.3
Spellcasting   | 3 |  3.8
Summonings     | 5 |  5.4
Long Blades    | 1 |  1.0
Dodging        | |  1.7
Stealth        | |  1.7

Action                     |  1- 3 |  4- 6 || total
---------------------------+-------+-------++-------
  Melee: Unarmed           |    10 |       ||    10
         Whip              |     4 |       ||     4
         War axe           |   114 |   104 ||   218
         Punch             |       |     1 ||     1
   Cast: Summon Small Mamm |    13 |    12 ||    25
         Call Canine Famil |       |     9 ||     9
    Use: Scroll            |     6 |     5 ||    11
         Potion            |     1 |       ||     1
   Stab: Sleeping          |     1 |     5 ||     6
         Distracted        |       |     1 ||     1
 Armour: Robe              |    48 |    40 ||    88
  Dodge: Dodged            |   132 |   111 ||   243
